Map: Hecate LE

Players

lowtone - Winner!

  • Race: Protoss Protoss
  • League: Gold
  • Spawn Location: 7:00

SubN

  • Race: Protoss Protoss
  • League: Diamond
  • Spawn Location: 1:00

VOD

Have the link to the VOD?

Description

Time

  • Played on: Nov. 19, 2023, 1:21 p.m.
  • Length: 2:14
Show
View Real Time Build Order
Export as new Build Order

lowtone Protoss - Winner!

Build Orders: Cannon Rush 

Get SALT Encoding   

  12  0:01  Probe  
  13  0:18  Pylon  
  13  0:19  Probe  
  14  0:31  Probe  
  15  0:41  Forge  
  15  0:43  Probe  
  16  0:53  Pylon  
  16  0:55  Probe  
  17  1:08  Probe  
  18  1:22  Photon Cannon  
  18  1:34  Pylon  
  19  1:40  Probe  
  19  1:42  Pylon  
  19  1:53  Photon Cannon  
  19  1:55  Photon Cannon  
  19  2:06  Photon Cannon  
Show
View Real Time Build Order
Export as new Build Order

SubN Protoss 

Build Orders:  

Get SALT Encoding   

  12  0:00  Probe  
  13  0:12  Probe  
  14  0:18  Pylon  
  14  0:24  Probe  
  15  0:36  Probe (Chrono Boost), Assimilator  
  16  0:49  Probe (Chrono Boost)  
  17  0:52  Gateway  
  17  0:56  Probe (Chrono Boost)  
  17  0:57  Assimilator  
  18  1:07  Probe (Chrono Boost)  
  19  1:15  Gateway  
  19  1:17  Probe (Chrono Boost)  
  20  1:25  Probe  
  21  1:38  Probe  
  22  1:41  Cybernetics Core  
  22  1:50  Probe  
Tags
 
Matchup
PvP
Replay Pack
2025 replay dump
Spawn Locations
Cross Positions
Add a new tag
Caveats
  • Supply blocks, unpowered buildings, or Contaminate may cause inaccurate times.
  • Supply counts are checked every 10 seconds.